 Dungeon Crawl Stone Soup version 0.28.0-53-g5a82cb258f (webtiles) character file.

Game seed: 1827403824131358029

116 Legadrian the Cudgeller (level 5, -15/32 HPs)
             Began as a Gargoyle Fighter on July 7, 2022.
             Killed by an exploding ufetubus (44 damage)
             ... ignited by their inner flame
             ... on level 4 of the Dungeon.
             The game lasted 00:07:08 (3284 turns).

Legadrian the Cudgeller (Gargoyle Fighter)          Turns: 3284, Time: 00:07:09

Health: -15/32     AC: 16    Str: 21    XL:     5   Next: 0%
Magic:  5/5        EV:  7    Int: 12    God:
Gold:   104        SH:  4    Dex:  9    Spells: 4/4 levels left

rFire   . . .      SeeInvis .   a - +0 flail
rCold   . . .      Faith    .   c - +0 buckler
rNeg    + . .      Spirit   .   m - +0 chain mail
rPois   ∞          Reflect  .   t - +1 helmet {Int+3}
rElec   +          Harm     .   s - +0 cloak
rCorr   .          Rampage  .   (no gloves)
Will    .....                   (no boots)
Stlth   ..........              (no amulet)
HPRegen 0.10/turn               (no ring)
MPRegen 0.09/turn               (no ring)

@: no status effects
A: sickness immunity, AC +4, negative energy resistance 1, electricity
resistance, torment resistance 1, petrification resistance
a: no special abilities


You were on level 4 of the Dungeon.
You visited 1 branch of the dungeon, and saw 4 of its levels.

You collected 104 gold pieces.

Inventory:

Hand Weapons
 a - a +0 flail (weapon)
Missiles
 i - 2 javelins (quivered)
 k - 44 bolts
 n - 61 stones
 o - 16 arrows
 u - 39 sling bullets
 w - 10 curare-tipped darts
Armour
 b - a +0 scale mail
 c - a +0 buckler (worn)
 m - a +0 chain mail (worn)
 s - a +0 cloak (worn)
 t - a +1 helmet of intelligence (worn)
Magical Staves
 h - a staff of conjuration
Scrolls
 f - a scroll of fog {unknown}
 g - 4 scrolls of identify {unknown}
 j - a scroll of holy word {unknown}
 l - a scroll of noise {unknown}
 p - 3 scrolls of fear {unknown}
 q - a scroll of enchant weapon {unknown}
 r - 3 scrolls of enchant armour {unknown}
Potions
 e - 2 potions of invisibility {unknown}
 v - a potion of magic {unknown}
 x - a potion of heal wounds {unknown}
 z - a potion of curing {unknown}


   Skills:
 - Level 3.2 Fighting
 + Level 5.0 Maces & Flails
 - Level 3.2 Armour
 - Level 3.2 Shields


You had 4 spell levels left.
You didn't know any spells.
Your spell library contained the following spells:

 Spells                   Type           Power      Damage    Failure   Level
 Corpse Rot               Necr/Air       0%         N/A       99%         2
 Dispel Undead            Necr           0%         3d6       100%        4
 Death Channel            Necr           0%         N/A       100%        6


Dungeon Overview and Level Annotations

Branches:
Dungeon (4/15)
 Temple: D:4-7

Altars:
Ru
Sif Muna

Annotations:
D:3 1 runed translucent door, Crazy Yiuf
D:4 Eustachio


Innate Abilities, Weirdness & Mutations

You are immune to sickness and miasma.
Your stone body is resilient. (AC +4)
You are immune to poison.
You resist negative energy. (rN+)
You are resistant to electric shocks. (rElec)
You are resistant to unholy torment.
You are immune to petrification.


Message History

You see here a hound corpse.
Things that are here:
a +0 short sword; a +0 ring mail Eustachio the Magnificent comes into view.
He is wielding a +0 rapier and wearing a +2 leather armour of fire resistance.
Eustachio shouts!
Eustachio casts a spell.
Eustachio gestures wildly while chanting.
As you read the scroll labelled ZAROYPSIPLU, it crumbles to dust.
The creatures around you are filled with an inner flame!
It was a scroll of immolation.
The ufetubus hits you but does no damage. x2
Eustachio casts a spell.
You barely miss the ufetubus.
The white imp disappears in a puff of smoke!
The ufetubus hits you but does no damage. x2
The ufetubus hits you. The ufetubus barely misses you.
The ufetubus completely misses you.
The ufetubus hits you but does no damage.
You closely miss the ufetubus.
The ufetubus hits you but does no damage.
The ufetubus hits you. You block the ufetubus's attack.
The ufetubus hits you but does no damage.
You barely miss the ufetubus.
The ufetubus hits you but does no damage.
You block the ufetubus's attack.
You miss the ufetubus.
The ufetubus hits you but does no damage.
The ufetubus closely misses you.
The ufetubus hits you but does no damage. x2
You hit the ufetubus.
Flame seeps out of the ufetubus.
The ufetubus is moderately wounded.
The ufetubus is engulfed in blazing flames.
The ufetubus disappears in a puff of smoke!
The ufetubus explodes!
The fiery explosion engulfs Eustachio!
Eustachio resists.
Flame seeps out of Eustachio.
Eustachio is moderately wounded.
The fiery explosion engulfs you!!!
Ouch! That really hurt!
You die...

#####........ #............ #
###.#######.### #.
#...#.#.#.#.# #.. #...#^^^^^#†#
#..@ ##.#########.# #....
#..#[+^....'.#
#.....##########..#########.#
..........5.@○@.....#^§^^o#.#
###################...#.#.#.#)#
........# ##..#######.#
#######.#############.........#
#...............###.##.##
###############.# #....# #.#
#.#### #.# #.# #.# #.#


You could see Eustachio (inner flame) and a crimson imp (summoned).

Vanquished Creatures
  A hound (D:4)
  Robin (D:3)
  An adder (D:3)
  A dart slug (D:1)
  3 orcs
  5 ball pythons
  7 endoplasms
  2 giant cockroaches
  14 goblins
  4 hobgoblins
  4 kobolds
  A quokka (D:3)
  4 bats
  2 frilled lizards
  7 rats
57 creatures vanquished.

Notes
Turn   | Place    | Note
-------+----------+-------------------------------------------
     0 | D:1      | Legadrian the Gargoyle Fighter began the quest for the Orb.
     0 | D:1      | Reached XP level 1. HP: 14/14 MP: 1/1
   192 | D:1      | You fall into a shaft and drop 1 floor!
   192 | D:2      | Found a shimmering blue altar of Sif Muna.
   295 | D:1      | Reached XP level 2. HP: 19/19 MP: 2/2
   327 | D:1      | Found a faded altar of an unknown god.
   497 | D:1      | Reached skill level 3 in Maces & Flails
   862 | D:1      | Reached XP level 3. HP: 18/23 MP: 3/3
  2051 | D:3      | Reached skill level 4 in Maces & Flails
  2060 | D:3      | Noticed Robin
  2080 | D:3      | Killed Robin
  2081 | D:3      | Reached XP level 4. HP: 12/28 MP: 4/4
  2482 | D:3      | Found a sacrificial altar of Ru.
  2989 | D:3      | Found a runed translucent door.
  2990 | D:3      | Noticed Crazy Yiuf
  3141 | D:4      | Reached skill level 5 in Maces & Flails
  3216 | D:4      | Reached XP level 5. HP: 30/32 MP: 5/5
  3271 | D:4      | Noticed Eustachio
  3284 | D:4      | Killed by an exploding ufetubus... ignited by their inner
                  | flame

Illustrated notes

Levels and vault maps discovered:
D:1:      sevenhm_arrival_forest_fort_large_2, layout_rooms,
          hellmonk_ecumenical_altar_lost_god, grunt_decor_junction,
          minmay_tromino_v4_a
D:2:      layout_basic, basic_altar
D:3:      layout_loops_ring, nicolae_ru_sacrificial_ziggurat,
          uniq_crazy_yiuf_cottage, uniq_robin
D:4:      layout_basic, mainiacjoe_overflow_paths, mainiacjoe_overflow_alcove_4,
          grunt_tough_drop, uniq_natasha, uniq_eustachio, uniq_pikel

Skill      XL: |  1  2  3  4 |
---------------+-------------+-----
Maces & Flails | 3 4 5 |  5.0
Fighting       | |  3.2
Armour         | |  3.2
Shields        | |  3.2

Action                   |  1- 3 |  4- 6 || total
-------------------------+-------+-------++-------
Melee: Flail             |    77 |    44 ||   121
       Club              |    63 |       ||    63
  Use: Potion            |     1 |       ||     1
       Scroll            |       |     1 ||     1
Armor: Scale mail        |     9 |       ||     9
       Chain mail        |    67 |    39 ||   106
Dodge: Dodged            |    63 |    15 ||    78
Block: Buckler           |    30 |     5 ||    35
